 Dungeon Crawl Stone Soup version 0.29.1-13-g9f3cf754e1 (webtiles) character file.

Game seed: 600345651305301196

17 Oxelix the Slasher (level 2, 0/23 HPs)
             Began as a Demonspawn Gladiator on Feb 1, 2023.
             Slain by a frilled lizard (1 damage)
             ... on level 2 of the Dungeon.
             The game lasted 00:01:03 (761 turns).

Oxelix the Slasher (Demonspawn Gladiator)            Turns: 761, Time: 00:01:04

Health: 0/23       AC:  5    Str: 14    XL:     2   Next: 44%
Magic:  2/2        EV: 12    Int:  9    God:
Gold:   46         SH:  0    Dex: 14    Spells: 1/1 levels left

rFire   . . .      SeeInvis .   a - +0 long sword
rCold   + . .      Faith    .   (no shield)
rNeg    . . .      Spirit   .   b - +0 leather armour
rPois   .          Reflect  .   c - +0 helmet
rElec   .          Harm     .   (no cloak)
rCorr   .          Rampage  .   (no gloves)
Will    .....                   i - +0 pair of boots
Stlth   +.........              (no amulet)
HPRegen 0.07/turn               f - ring of protection from cold
MPRegen 0.16/turn               (no ring)

@: no status effects
A: magic regeneration
a: no special abilities


You were on level 2 of the Dungeon.
You visited 1 branch of the dungeon, and saw 2 of its levels.

You collected 46 gold pieces.

Inventory:

Hand Weapons
 a - a +0 long sword (weapon)
Missiles
 d - 3 throwing nets (quivered)
 e - a javelin
Armour
 b - a +0 leather armour (worn)
 c - a +0 helmet (worn)
 i - a +0 pair of boots (worn)
Jewellery
 f - a ring of protection from cold (left hand)
Scrolls
 h - a scroll of immolation {unknown}
 k - a scroll of identify {unknown}
Potions
 g - 2 potions of might {unknown}
 j - a potion of curing {unknown}


   Skills:
 + Level 2.3 Fighting
 * Level 3.2 Long Blades
 - Level 1.7 Throwing
 - Level 2.6 Dodging


You had one spell level left.
You didn't know any spells.
Your spell library contained the following spells:

 Spells                   Type           Power      Damage    Failure   Level
 Summon Small Mammal      Summ           0%         N/A       45%         1
 Call Canine Familiar     Summ           0%         N/A       83%         3
 Summon Guardian Golem    Hex/Summ       0%         N/A       83%         3


Dungeon Overview and Level Annotations

Branches:
Dungeon (2/15)

Altars:

Shops:
D:1 !


Innate Abilities, Weirdness & Mutations

You regenerate magic rapidly.


Message History

The endoplasm freezes you.
You are frozen.
You resist.
You barely miss the endoplasm. The worm bites you! The endoplasm freezes you.
You are frozen.
You resist.
You hit the endoplasm.
The endoplasm is lightly wounded.
The frilled lizard barely misses you. The endoplasm hits you.
The worm bites you but does no damage.
You hit the endoplasm but do no damage.
The endoplasm is lightly wounded.
The endoplasm freezes you.
You are frozen.
You resist.
The frilled lizard completely misses you.
You barely miss the worm. The frilled lizard misses you.
The endoplasm freezes you.
You are frozen.
You resist. The worm bites you.
* * * LOW HITPOINT WARNING * * *
The endoplasm hits you but does no damage.
The frilled lizard bites you but does no damage.
You hit the worm.
The worm is lightly wounded.
The frilled lizard misses you. The endoplasm hits you.
* * * LOW HITPOINT WARNING * * *
The worm barely misses you.
Unknown command.
You hit the worm.
The worm is moderately wounded.
The frilled lizard misses you. The endoplasm freezes you.
You are frozen.
You resist.
* * * LOW HITPOINT WARNING * * *
The worm closely misses you.
You hit the worm.
The worm is severely wounded.
The endoplasm freezes you.
You are frozen.
You resist.
* * * LOW HITPOINT WARNING * * *
The frilled lizard bites you.
You die...

#.... .. $##<... .. ...[... #.##
..#.... ##...#. ....... .......
.#####. #.....#....... ......
#...wJ....... . ....#. #l@.......
. .... ...#####........ .###..#
#......##..>.#. .. ......#
#######.......# .
......###................ .
.........>#########.....#.##.
......##### .........####
......############ ###........<#
...................#............#


You could see a worm, an endoplasm and a frilled lizard.

Vanquished Creatures
  A dart slug (D:1)
  A ball python (D:1)
  2 endoplasms (D:1)
  2 giant cockroaches (D:1)
  A kobold (D:1)
  A bat (D:1)
  4 goblins (D:1)
  A rat (D:1)
13 creatures vanquished.

Notes
Turn   | Place    | Note
-------+----------+-------------------------------------------
     0 | D:1      | Oxelix the Demonspawn Gladiator began the quest for the
                  | Orb.
     0 | D:1      | Reached XP level 1. HP: 16/16 MP: 1/1
   158 | D:1      | Reached skill level 3 in Long Blades
   166 | D:1      | Gained mutation: You regenerate magic rapidly. [demonic
                  | ancestry]
   166 | D:1      | Reached XP level 2. HP: 19/22 MP: 2/2
   390 | D:1      | Found a faded altar of an unknown god.
   501 | D:1      | Found Dyskafriu's Distillery.
   761 | D:2      | HP: 1/23 [frozen (1)]
   761 | D:2      | Slain by a frilled lizard

Illustrated notes

Levels and vault maps discovered:
D:1:      dpeg_arrival_central, layout_rooms,
          hellmonk_ecumenical_altar_leap_of_faith, serial_shops, shop
D:2:      layout_rooms, basic_altar

Skill      XL: |  1 |
---------------+----+-----
Long Blades    | 3 |  3.2
Fighting       | |  2.3
Throwing       | |  1.7
Dodging        | |  2.6

Action                   || total
-------------------------++-------
Melee: Long sword        ||    47
Armor: Leather armour    ||    16
Dodge: Dodged            ||    43
